 Dungeon Crawl Stone Soup version 0.30-a0-170-g85af917532 (webtiles) character file.

Game seed: 17195814741181586020

50911 scionoferis the Slicer (level 14, -17/79 (95) HPs)
             Began as a Kobold Hunter on Sept 30, 2022.
             Was a Follower of Uskayaw.
             Demolished by Rupert
             ... wielding a +2 battleaxe of draining
              (40 damage)
             ... on level 4 of the Lair of Beasts.
             The game lasted 01:25:26 (23111 turns).

scionoferis the Slicer (Kobold Hunter)             Turns: 23111, Time: 01:25:27

HP:   -17/79 (95)   AC: 13    Str: 10    XL:     14   Next: 99%
MP:   15/22         EV: 23    Int: 10    God:    Uskayaw [*.....]
Gold: 589           SH:  0    Dex: 22    Spells: 13/13 levels left

rFire   + . .      SeeInvis .    b - +3 rapier (elec)
rCold   + + .      Faith    .    (no shield)
rNeg    . . .      Spirit   .    D - +2 leather armour {rC+}
rPois   +          Reflect  .    y - +0 helmet
rElec   .          Harm     .    e - scarf {rC+ rF+}
rCorr   .          Rampage  .    Q - +0 pair of gloves
Will    +++..                    v - +0 pair of boots
Stlth   ++++++....               N - amulet of regeneration
HPRegen 1.03/turn                n - ring "Egrobib" {Will++ AC+4}
MPRegen 0.18/turn                k - ring of poison resistance

@: heavily drained
A: small, no large weapons, nightstalker 3, deterioration 1, robust 1
a: Renounce Religion, Stomp


You were on level 4 of the Lair of Beasts.
You worshipped Uskayaw.
Uskayaw was aware of your devotion.
You visited 3 branches of the dungeon, and saw 17 of its levels.
You also visited: Sewer, Gauntlet and Volcano.

You collected 743 gold pieces.
You spent 154 gold pieces at shops.

Inventory:

Hand Weapons
 a - a +2 shortbow of flaming
 b - a +3 rapier of electrocution (weapon)
 m - a +2 arbalest of flaming
Missiles
 c - a curare-tipped dart
 C - a poisoned dart (quivered)
Armour
 e - a scarf of resistance (worn)
 v - a +0 pair of boots (worn)
 y - a +0 helmet (worn)
 D - a +2 leather armour of cold resistance (worn)
 E - a +0 buckler
 G - a +1 leather armour of fire resistance
 Q - a +0 pair of gloves (worn)
Jewellery
 k - a ring of poison resistance (right hand)
 n - the ring "Egrobib" (left hand) {Will++ AC+4}
   (You found it in a Gauntlet)

   [ring of protection]

   AC:        It affects your AC (+4).
   Will:      It greatly increases your willpower.
 p - a +4 ring of evasion
 u - a ring of see invisible
 A - a +4 ring of evasion
 H - a ring of resist corrosion
 J - an amulet of reflection
 N - an amulet of regeneration (around neck)
Wands
 f - a wand of digging (5)
 g - a wand of light (3)
 r - a wand of flame (9)
 I - a wand of polymorph (13)
 K - a wand of iceblast (9)
Scrolls
 d - a scroll of poison
 j - a scroll of silence
 s - 5 scrolls of fear
 w - 5 scrolls of teleportation
 x - 2 scrolls of magic mapping
 B - 3 scrolls of fog
 M - 3 scrolls of blinking
 O - a scroll of identify
Potions
 l - 2 potions of magic
 o - a potion of brilliance
 q - 5 potions of might
 t - 2 potions of flight
 z - 6 potions of haste
 F - 8 potions of curing
 L - 4 potions of heal wounds
 P - a potion of berserk rage
 R - 2 potions of cancellation
 S - a potion of invisibility
Miscellaneous
 h - a box of beasts
 i - a piece from Xom's chessboard (15/15)
 T - a tin of tremorstones (2/2)


   Skills:
 + Level 9.9 Fighting
 + Level 14.9 Short Blades
 + Level 11.7 Ranged Weapons
 + Level 6.5 Armour
 + Level 10.8 Dodging
 + Level 11.6 Stealth
 + Level 11.1 Invocations
 - Level 6.0 Evocations


You had 13 spell levels left.
You didn't know any spells.
Your spell library contained the following spells:

 Spells                   Type           Power      Damage    Failure   Level
 Necrotise                Necr           0%         1d4       43%         1
 Cigotuvi's Dreadful Rot  Necr/Pois/Air  0%         N/A       58%         2
 Poisonous Vapours        Pois/Air       0%         N/A       58%         2
 Call Canine Familiar     Summ           0%         N/A       82%         3
 Gell's Gravitas          Tloc           0%         N/A       82%         3
 Kindle Blastsparks       Fire/Tloc/Air  0%         2d10      82%         3
 Portal Projectile        Hex/Tloc       0%         N/A       82%         3
 Teleport Other           Tloc           0%         N/A       82%         3
 Tukima's Dance           Hex            0%         N/A       82%         3
 Vampiric Draining        Necr           0%         2d6       82%         3
 Airstrike                Air            0%         2d(0-16)  99%         4
 Anguish                  Hex/Necr       0%         N/A       99%         4
 Fulminant Prism          Conj/Hex       0%         3d6       99%         4
 Iskenderun's Mystic Bla  Conj/Tloc      0%         2d3       99%         4
 Leda's Liquefaction      Hex/Erth       0%         N/A       99%         4
 Summon Lightning Spire   Summ/Air       0%         N/A       99%         4
 Agony                    Necr           0%         N/A       100%        5
 Blade Hands              Tmut           0%         N/A       100%        5
 Lee's Rapid Deconstruct  Erth           0%         3d5*      100%        5
 Lightning Bolt           Conj/Air       0%         1d11      100%        5
 Dispersal                Tloc           0%         N/A       100%        6
 Enfeeble                 Hex            0%         N/A       100%        7
 Chain Lightning          Conj/Air       0%         N/A       100%        9
 Fire Storm               Conj/Fire      0%         5d1       100%        9
 Shatter                  Erth           0%         3d5*      100%        9


Dungeon Overview and Level Annotations

Branches:
Dungeon (12/15)            Temple (1/1) D:5            Lair (4/5) D:8
  Swamp (0/4) Lair:3        Snake (0/4) Lair:3        Slime (0/5) Lair:4
    Orc (0/2) D:9           Sewer (visited)         Volcano (visited)
Gauntlet (visited)

Altars:
Ashenzari
Cheibriados
Dithmenos
Elyvilon
Fedhas
Gozag
Hepliaklqana
Kikubaaqudgha
Makhleb
Nemelex Xobeh
Okawaru
Qazlal
Ru
Sif Muna
Trog
Uskayaw
Vehumet
Wu Jian
Xom
Yredelemnul
Zin
The Shining One
Jiyva

Shops:
D:2 !

Annotations:
Lair:2 1 exclusion
Lair:4 Rupert


Innate Abilities, Weirdness & Mutations

You are small and have problems with some larger weapons.
You are completely attuned to the shadows.
Your body sometimes deteriorates upon taking damage.
You are robust. (+10% HP)


Message History

You hit Rupert.
Rupert is moderately wounded.
You hit Rupert but do no damage. Lightning courses through Rupert!
Rupert is heavily wounded.
You can now pass through a line of other dancers.
You strike the helpless Rupert from behind!
You impale Rupert!!
Rupert is severely wounded.
Rupert yells, "Get them off me!"
Rupert seems less confused.
Rupert roars madly and goes into a rage!
Rupert goes berserk!
You hit Rupert but do no damage.
Rupert is severely wounded.
Aiming: Line Pass
Press: ? - help, Dir - move target Rupert appears confused.
You can no longer pass through a line of other dancers.
Rupert hits you with a +2 battleaxe of draining!!!
You feel drained.
You hit Rupert but do no damage.
Rupert is severely wounded.
You hit Rupert.
Rupert is severely wounded.
Rupert seems less confused.
Rupert misses you.
You barely miss Rupert.
Rupert is severely wounded.
Rupert hits you with a +2 battleaxe of draining!
* * * LOW HITPOINT WARNING * * *
You feel drained.
* * * LOW HITPOINT WARNING * * *
Aiming: Bolt of Light
Press: ? - help, Shift-Dir - straight line, f - Rupert
Aim: Rupert, wielding a +2 battleaxe of draining and wearing a +0 scale mail (severely wounded, berserk, 77% to hit)
The bolt of light hits Rupert!
Rupert is severely wounded.
Rupert is blinded.
Rupert hits you with a +2 battleaxe of draining!!!
Ouch! That really hurt!
You die...

##~~♣..♣..♣♣ #..## ..
#~~♣.♣..♣♣.# ##.# .
♣..♣.....♣. #..#
..♣♣♣..♣..... #.##
♣.........♣♣.#####.## ..
y.♣.♣...♣.♣♣.##....#....
#.
♣..♣†♣†♣†.♣♣..##..##.....
.#
♣...♣♣†♣.......#.>.#......
## ♣♣..
♣†♣♣@♣.........†..... ..
..♣ ♣♣.♣@.......#........
.. ♣..♣......###....... .#
.........## #....... .P
♣♣♣♣......# #....... ..
♣♣♣♣♣♣ ♣...##.# #.##.....
♣♣.P♣.♣♣.#..####### #.#...
♣....#####....#..#
#...#.#.##..#....##


You could see Rupert (berserk, blind).

Vanquished Creatures
  A minotaur (Gauntlet)
  Azrael (D:12)
  Fannar (D:10)
  A hydra (Lair:4)
  A centaur warrior (D:9)
  2 two-headed ogres
  Urug (D:12)
  A salamander (Volcano)
  A manticore (D:11)
  An ugly thing (D:12)
  Joseph (Lair:1)
  A cyclops (D:12)
  10 black mambas
  An elephant (D:8)
  14 cane toads
  A torpor snail (Lair:2)
  An unseen horror (D:10)
  7 komodo dragons
  A rime drake (Lair:2)
  3 trolls
  A queen bee (Gauntlet)
  A tyrant leech (Gauntlet)
  3 blink frogs (Lair:1)
  A shadow (D:10)
  3 wyverns
  A wraith (D:10)
  40 yaks
  3 fire elementals (D:12)
  A basilisk (Lair:2)
  3 steam dragons
  A fire bat (Volcano)
  6 vampire mosquitoes (Lair:3)
  2 swamp worms (Gauntlet)
  2 acid dragons (D:12)
  5 hell hounds
  15 water moccasins
  An orc warrior (D:9)
  4 black bears
  4 ice beasts
  A sky beast (D:7)
  2 ogres
  6 wolves
  6 centaurs
  A phantom (D:4)
  A kobold brigand (D:8)
  12 bullfrogs
  2 necrophages
  4 wights (D:8)
  41 killer bees
  3 howler monkeys
  An electric eel (Lair:2)
  4 hounds
  7 orc priests
  9 jellies
  2 gnoll boudas
  3 iguanas
  7 orc wizards
  Robin (D:3)
  10 gnolls
  4 adders
  4 river rats
  A white imp (D:6)
  An ufetubus (D:5)
  2 worms
  3 dart slugs
  37 orcs
  5 ball pythons
  11 endoplasms
  5 giant cockroaches
  11 goblins
  10 hobgoblins
  4 jackals (D:2)
  7 quokkas
  7 bats
  9 frilled lizards
  11 kobolds
  6 rats
409 creatures vanquished.

Vanquished Creatures (collateral kills)
  An orc knight (D:11)
  An orc sorcerer (D:11)
  A fire elemental (D:12)
  A killer bee (Lair:4)
  An orc wizard (D:11)
5 creatures vanquished.

Vanquished Creatures (others)
  A raiju (Gauntlet)
  A killer bee (Lair:4)
  An orc (D:7)
  A goblin (D:3)
  A demonic plant (Gauntlet)
  30 fungi
  41 plants
76 creatures vanquished.

Grand Total: 490 creatures vanquished

Notes
Turn   | Place    | Note
-------+----------+-------------------------------------------
     0 | D:1      | scionoferis the Kobold Hunter began the quest for the Orb.
     0 | D:1      | Reached XP level 1. HP: 12/12 MP: 1/1
   297 | D:1      | Reached XP level 2. HP: 18/18 MP: 2/2
   703 | D:1      | Reached skill level 1 in Short Blades
   783 | D:1      | Reached XP level 3. HP: 22/22 MP: 3/3
  1290 | D:2      | Reached skill level 2 in Short Blades
  1371 | D:2      | Found Joipla's Distillery.
  1373 | D:2      | Reached XP level 4. HP: 27/27 MP: 4/4
  2709 | D:3      | Found a faded altar of an unknown god.
  2807 | D:3      | Noticed Robin
  2890 | D:3      | Killed Robin
  2891 | D:3      | Reached XP level 5. HP: 19/32 MP: 5/5
  3180 | D:3      | Found a hazy altar of Hepliaklqana.
  3646 | D:4      | Noticed a black bear
  3668 | D:4      | Killed a black bear
  3669 | D:4      | Reached skill level 3 in Short Blades
  3669 | D:4      | Reached skill level 1 in Armour
  3669 | D:4      | Reached XP level 6. HP: 20/37 MP: 6/6
  3874 | D:4      | Found a glowing drain.
  3880 | Sewer    | Entered a sewer
  4241 | Sewer    | Reached skill level 4 in Short Blades
  4374 | Sewer    | Reached XP level 7. HP: 41/41 MP: 7/7
  4378 | Sewer    | Found a viscous altar of Jiyva.
  4628 | D:4      | Reached skill level 5 in Short Blades
  4972 | D:5      | Entered Level 5 of the Dungeon
  4987 | D:5      | Found a blossoming altar of Fedhas.
  5221 | D:5      | Reached XP level 8. HP: 22/48 MP: 8/8
  5511 | D:5      | Reached skill level 6 in Short Blades
  5777 | D:5      | Noticed a troll
  5790 | D:5      | Killed a troll
  5791 | D:5      | Reached skill level 5 in Dodging
  5791 | D:5      | Reached skill level 5 in Stealth
  5799 | D:5      | Found a shadowy altar of Dithmenos.
  6322 | D:5      | Found a staircase to the Ecumenical Temple.
  6327 | Temple   | Entered the Ecumenical Temple
  6389 | Temple   | Became a worshipper of Uskayaw the Reveller
  6498 | D:5      | Reached * piety under Uskayaw
  6772 | D:5      | Reached ** piety under Uskayaw
  6825 | D:5      | Found a bloodstained altar of Trog.
  7125 | D:6      | Found a radiant altar of Vehumet.
  7146 | D:6      | Reached skill level 7 in Short Blades
  7188 | D:6      | Found an opulent altar of Gozag.
  7229 | D:6      | Reached XP level 9. HP: 47/52 MP: 9/9
  7340 | D:6      | Reached skill level 1 in Invocations
  7490 | D:6      | Reached *** piety under Uskayaw
  8541 | D:7      | Reached skill level 5 in Fighting
  9288 | D:7      | Found a glowing golden altar of the Shining One.
  9307 | D:7      | Found a shimmering altar of Xom.
  9413 | D:7      | Found a broken altar of Ashenzari.
  9515 | D:8      | Reached skill level 8 in Short Blades
  9762 | D:8      | Reached XP level 10. HP: 59/59 MP: 11/13
  9995 | D:8      | Noticed an elephant
 10183 | D:8      | Reached skill level 9 in Short Blades
 10222 | D:8      | Found a staircase to the Lair.
 10855 | D:2      | Bought a potion of curing for 42 gold pieces
 10855 | D:2      | Bought a potion of mutation for 112 gold pieces
 11073 | D:9      | Reached skill level 5 in Invocations
 11080 | D:9      | Noticed a centaur warrior
 11103 | D:9      | Killed a centaur warrior
 11274 | D:8      | Killed an elephant
 11487 | D:9      | Found a staircase to the Orcish Mines.
 11979 | D:9      | Found a stormy altar of Qazlal.
 12052 | D:9      | Reached skill level 10 in Short Blades
 12436 | D:10     | Entered Level 10 of the Dungeon
 12532 | D:10     | Reached XP level 11. HP: 57/65 MP: 15/15
 12560 | D:10     | Reached skill level 1 in Evocations
 12690 | D:10     | Noticed a two-headed ogre
 12694 | D:10     | Killed a two-headed ogre
 13168 | D:10     | Found a shimmering blue altar of Sif Muna.
 13170 | D:10     | Noticed Fannar
 13251 | D:10     | Killed Fannar
 13487 | D:11     | Noticed an orc knight
 13487 | D:11     | Noticed an orc sorcerer
 13548 | D:11     | Found a white marble altar of Elyvilon.
 13560 | D:11     | Noticed a manticore
 13576 | D:11     | Killed a manticore
 13612 | D:11     | Identified the +1 chain mail of Disaster {Rampage SInv}
 13825 | D:11     | Killed an orc knight
 13829 | D:11     | Killed an orc sorcerer
 14135 | D:11     | Identified a scroll of acquirement
 14136 | D:11     | Acquired a +1 rapier of electrocution
 14597 | D:12     | Noticed Urug
 14603 | D:12     | Killed Urug
 15137 | D:12     | Noticed a brown ugly thing
 15149 | D:12     | Killed a brown ugly thing
 15150 | D:12     | Reached skill level 5 in Armour
 15380 | D:12     | Reached skill level 11 in Short Blades
 15387 | D:12     | Reached XP level 12. HP: 64/72 MP: 17/17
 15434 | D:12     | Noticed Azrael
 15437 | D:12     | Reached skill level 10 in Ranged Weapons
 15440 | D:12     | Reached **** piety under Uskayaw
 15444 | D:12     | HP: 3/72 [fire elemental[Azrael] (4)]
 15888 | D:12     | Found a sparkling altar of Nemelex Xobeh.
 16145 | D:12     | Killed Azrael
 16729 | Lair:1   | Entered Level 1 of the Lair of Beasts
 16770 | Lair:1   | Found a dark tunnel.
 16776 | Volcano  | Entered a volcano
 17144 | Volcano  | Noticed a two-headed ogre
 17149 | Volcano  | Killed a two-headed ogre
 17962 | Lair:1   | Reached skill level 12 in Short Blades
 18108 | Lair:1   | Reached skill level 10 in Stealth
 18123 | Lair:1   | Reached skill level 5 in Evocations
 18136 | Lair:1   | Noticed Joseph
 18171 | D:8      | Gained mutation: Your spells are a little harder to cast,
                  | but a little more powerful. [potion of mutation]
 18171 | D:8      | Gained mutation: You are partially covered in iridescent
                  | scales. (AC +2) [potion of mutation]
 18172 | D:8      | Lost mutation: Your spells are a little harder to cast, but
                  | a little more powerful. [potion of mutation]
 18172 | D:8      | Lost mutation: You are partially covered in iridescent
                  | scales. (AC +2) [potion of mutation]
 18172 | D:8      | Gained mutation: You occasionally lose the ability to read
                  | scrolls when taking damage. [potion of mutation]
 18172 | D:8      | Gained mutation: Armour fits poorly on your strangely
                  | shaped body. [potion of mutation]
 18173 | D:8      | Lost mutation: You occasionally lose the ability to read
                  | scrolls when taking damage. [potion of mutation]
 18173 | D:8      | Lost mutation: Armour fits poorly on your strangely shaped
                  | body. [potion of mutation]
 18173 | D:8      | Gained mutation: You are partially covered in iridescent
                  | scales. (AC +2) [potion of mutation]
 18173 | D:8      | Gained mutation: You are robust. (+10% HP) [potion of
                  | mutation]
 18173 | D:8      | Gained mutation: Armour fits poorly on your strangely
                  | shaped body. [potion of mutation]
 18174 | D:8      | Lost mutation: Armour fits poorly on your strangely shaped
                  | body. [potion of mutation]
 18174 | D:8      | Lost mutation: You are partially covered in iridescent
                  | scales. (AC +2) [potion of mutation]
 18174 | D:8      | Gained mutation: Your body sometimes deteriorates upon
                  | taking damage. [potion of mutation]
 18200 | Lair:1   | Killed Joseph
 18273 | Lair:1   | Reached XP level 13. HP: 80/85 MP: 19/19
 18859 | Lair:2   | Found a gate leading to a gauntlet.
 18867 | Gauntlet | Entered a Gauntlet
 18867 | Gauntlet | Found a transporter.
 18888 | Gauntlet | Found a transporter.
 18896 | Gauntlet | Found a transporter.
 18902 | Gauntlet | Found a transporter.
 18924 | Gauntlet | Found a transporter.
 18932 | Gauntlet | Noticed a reaper
 18936 | Gauntlet | Found a transporter.
 18948 | Gauntlet | Found a transporter.
 18960 | Gauntlet | Found a transporter.
 18972 | Gauntlet | Found a transporter.
 18984 | Gauntlet | Found a transporter.
 19007 | Gauntlet | Found a transporter.
 19019 | Gauntlet | Found a transporter.
 19028 | Gauntlet | Found a transporter.
 19051 | Gauntlet | Found a transporter.
 19077 | Gauntlet | Found a transporter.
 19418 | Gauntlet | Found a transporter.
 19969 | Gauntlet | Found a transporter.
 19997 | Gauntlet | Reached ***** piety under Uskayaw
 20020 | Gauntlet | Found a transporter.
 20122 | Gauntlet | Identified the ring "Egrobib" {Will++ AC+4}
 20134 | Gauntlet | Reached skill level 14 in Short Blades
 20134 | Gauntlet | Reached skill level 10 in Dodging
 20134 | Gauntlet | Reached skill level 10 in Invocations
 20134 | Gauntlet | Reached XP level 14. HP: 77/94 MP: 18/21
 20172 | Gauntlet | Noticed a minotaur
 20186 | Gauntlet | Killed a minotaur
 20189 | Gauntlet | Identified the +1 cloak of the Ant {Str+3}
 21410 | Lair:3   | Found a staircase to the Swamp.
 21677 | Lair:3   | Found a staircase to the Snake Pit.
 22338 | Lair:4   | Found a viscous altar of Jiyva.
 22339 | Lair:4   | Found a staircase to the Slime Pits.
 23060 | Lair:4   | Noticed Rupert
 23111 | Lair:4   | Demolished by Rupert

Illustrated notes

Levels and vault maps discovered:
D:1:      dpeg_arrival_snail, layout_basic
D:2:      layout_basic, serial_shops, shop
D:3:      layout_loops_corners, general_overflow_altar, serial_forest,
          infiniplex_forest_split, infiniplex_forest_straight_1,
          infiniplex_forest_split, infiniplex_forest_clump_small,
          infiniplex_forest_zigzag_1, nicolae_ecumenical_lake_church, uniq_robin
D:4:      layout_loops_ring, portal_sewer_entry_a
D:5:      layout_basic, lemuel_round_altar, fedhas_altar_2,
          kennysheep_mini_moat, temple_doors_ab
D:6:      layout_layer_cave, mainiacjoe_overflow_catch_the_wave
D:7:      layout_rooms, xom_butterflies, tso_oasis_becter,
          mainiacjoe_overflow_surrounded_room, serial_bayou_pond_e
D:8:      layout_cave_pools, david_lair_generic
D:9:      layout_basic, mainiacjoe_overflow_small_starburst, orc_0_dummy,
          grunt_decor_mini_mirrors
D:10:     layout_loops_ring, old_standard_altar, uniq_fannar
D:11:     layout_gridville, elyvilon_altar_5
D:12:     layout_stronghold, nemelex_xobeh_ov_fountains_minmay, uniq_urug,
          uniq_azrael
Temple:   nicolae_temple_ecumenical_triangle
Lair:1:   layout_regular_city, nicolae_volcano_entry_lava_flow, uniq_joseph
Lair:2:   layout_roguey, gauntlet_entry_generic, minivault_25,
          serial_bayou_shore_a, infiniplex_staircase_pool_2,
          serial_bayou_shore_b
Lair:3:   layout_loops_ring, minmay_swamp_entry_swarm,
          minmay_snake_entry_six_corridors, minivault_24, beast_lair_carwin_7
Lair:4:   wad_woods_minihive, layout_cave_pods, minmay_slime_entry_pillars,
          uniq_rupert

Skill      XL: |  1  2  3  4  5  6  7  8  9 10 11 12 13 14 |
---------------+-------------------------------------------+-----
Stealth        | 2 3 4 5 6 7 9 10 11 | 11.6
Short Blades   | 1 2 3 4 5 7 8 10 11 12 14 | 14.9
Dodging        | 3 4 5 6 7 8 10 | 10.8
Fighting       | 3 4 5 6 7 8 9 |  9.9
Ranged Weapons | 6 7 8 9 10 11 | 11.7
Armour         | 1 2 3 4 5 6 |  6.5
Invocations    | 4 6 7 9 10 11 | 11.1
Evocations     | 3 5 6 |  6.0

Action                   |  1- 3 |  4- 6 |  7- 9 | 10-12 | 13-15 || total
-------------------------+-------+-------+-------+-------+-------++-------
Melee: Short sword       |     6 |    93 |   257 |   251 |       ||   607
       Punch             |       |     3 |     2 |    13 |     7 ||    25
       Rapier            |       |       |       |   194 |   481 ||   675
 Fire: Shortbow          |    78 |   109 |   169 |    37 |       ||   393
Throw: Dart              |       |       |       |     3 |     2 ||     5
Invok: Line Pass         |       |       |     4 |    15 |    11 ||    30
       Stomp             |       |       |       |     1 |     1 ||     2
Evoke: Wand              |       |       |     2 |    14 |     2 ||    18
       Box of beasts     |       |       |       |     1 |       ||     1
  Use: Scroll            |     1 |     5 |     2 |    14 |     2 ||    24
       Potion            |       |     3 |     3 |     5 |    10 ||    21
 Stab: Invisible         |       |     1 |     1 |     2 |     2 ||     6
       Sleeping          |       |     1 |     6 |    24 |    37 ||    68
       Confused          |       |       |     2 |     8 |     7 ||    17
       Paralysed         |       |       |     2 |    14 |    22 ||    38
       Distracted        |       |       |       |     1 |     1 ||     2
Armor: Leather armour    |    11 |    39 |    55 |    65 |    43 ||   213
Dodge: Dodged            |    29 |   116 |   193 |   276 |   364 ||   978
Block: Other             |       |       |    25 |    50 |       ||    75
       Reflection        |       |       |     1 |     1 |       ||     2

Table legend: (Time is in decaauts)
 A = Elapsed time spent in this place.
 B = Non-inter-level travel time spent in this place.
 C = Inter-level travel time spent in this place.
 D = Time resting spent in this place.
 E = Time spent auto-exploring this place.
 F = Levels seen in this place.
 G = Mean time per level.
                   A        B        C        D        E       F      G
               +--------+--------+--------+--------+--------+-----+--------+
         Total |  22656 |  21561 |   1095 |   3675 |  12604 |  20 | 1132.8 |
       Dungeon |  15915 |  15071 |    844 |   2843 |   9467 |  12 | 1326.2 |
        Temple |     79 |     52 |     27 |      0 |     42 |   1 |   79.0 |
          Lair |   3841 |   3617 |    224 |    142 |   2434 |   4 |  960.2 |
         Sewer |    570 |    570 |      0 |    160 |    261 |   1 |  570.0 |
       Volcano |    878 |    878 |      0 |    447 |      0 |   1 |  878.0 |
      Gauntlet |   1370 |   1370 |      0 |     83 |    399 |   1 | 1370.0 |
               +--------+--------+--------+--------+--------+-----+--------+

Top non-repeatable levels by time:
    D:12: 1833 daAuts
     D:3: 1696 daAuts
     D:6: 1682 daAuts
     D:5: 1679 daAuts
Gauntlet: 1370 daAuts
  Lair:1: 1364 daAuts
     D:8: 1294 daAuts
    D:11: 1286 daAuts
     D:9: 1266 daAuts
     D:4: 1201 daAuts
     D:1: 1166 daAuts
    D:10: 1039 daAuts
  Lair:3: 956 daAuts
     D:7: 915 daAuts
 Volcano: 878 daAuts
